 Dungeon Crawl Stone Soup version 0.20-a0-261-gcb1eca7 (webtiles) character file.

109 HarryHood the Cudgeler (level 4, -4/28 HPs)
             Began as a Gargoyle Berserker on Dec 4, 2016.
             Was a Believer of Trog.
             Killed from afar by a dart slug (5 damage)
             ... with a slug dart
             ... on level 2 of the Dungeon.
             The game lasted 00:07:37 (1405 turns).

HarryHood the Cudgeler (Gargoyle Berserker)         Turns: 1405, Time: 00:07:37

Health: -4/28      AC:  9    Str: 22    XL:     4   Next: 89%
Magic:  4/4        EV: 11    Int:  7    God:    Trog [**....]
Gold:   50         SH:  0    Dex:  9    Spells: 3/3 levels left

rFire  . . .     SeeInvis .     e - +1 whip
rCold  . . .     Gourm    .     j - +0 ring mail
rNeg   + . .     Faith    .     (no shield)
rPois  ∞         Spirit   .     (no helmet)
rElec  +         Reflect  .     (no cloak)
rCorr  .         Harm     .     (no gloves)
MR     .....                    (no boots)
Stlth  ..........               (no amulet)
                                (no ring)
                                l - ring of wizardry

@: no status effects
A: negative energy resistance 1, electricity resistance, unbreathing,
petrification resistance, rot immunity, AC +3
a: Berserk, Trog's Hand, Burn Spellbooks, Renounce Religion


You were on level 2 of the Dungeon.
You worshipped Trog.
Trog was pleased with you.
You were not hungry.

You visited 1 branch of the dungeon, and saw 2 of its levels.

You collected 50 gold pieces.

Inventory:

Hand Weapons
 e - a +1 whip (weapon)
Armour
 j - a +0 ring mail (worn)
Jewellery
 l - a ring of wizardry (left hand)
Scrolls
 h - a scroll of remove curse
Potions
 a - a potion of berserk rage {unknown}
 f - 2 potions of cancellation {unknown}
 g - a potion of might {unknown}
Comestibles
 b - 4 chunks of flesh
 c - 2 bread rations
 d - 2 meat rations


   Skills:
 - Level 3.2 Fighting
 * Level 5.4 Maces & Flails
 - Level 2.1 Armour
 - Level 1.5 Dodging


You had 3 spell levels left.
You didn't know any spells.

Dungeon Overview and Level Annotations

Branches:
Dungeon (2/15)

Altars:
Hepliaklqana


Innate Abilities, Weirdness & Mutations

You are resistant to torment.
Your stone body is resilient. (AC +3)
You are immune to poison.
You resist negative energy. (rN+)
You are resistant to electric shocks. (rElec)
You can survive without breathing.
You are immune to petrification.
You are immune to rotting.


Message History

Terence hits you with a flail!
* * * LOW HITPOINT WARNING * * *
You hit Terence but do no damage.
Terence is almost dead.
You barely miss Terence.
Terence is almost dead.
Terence closely misses you.
You hit Terence.
You kill Terence!
Trog accepts your kill.
You hit the rat but do no damage. You closely miss the rat. The rat bites you.
* * * LOW HITPOINT WARNING * * *
A dart slug comes into view.
You hit the rat.
You kill the rat!
Trog accepts your kill. The dart slug launches a dart at you.
The slug dart hits you!
You die...

##.. . #..@ #.# .. ... #.#
#.##.. # #.# ..(. w# ...
#..## #.# #.# #...###.#
#.# #####....)@# #.#
........>########.####
###.......###........#
#........)##.#...##.######
+.........'..........)....
#.........##.#...##.######
##.......###.##.....# #
##.....## #.#####..# #
##...## #.# #..# #


You could see a dart slug.

Vanquished Creatures
  Ijyb (D:2)
  Terence (D:2)
  2 adders (D:2)
  An ooze (D:1)
  2 leopard geckos (D:1)
  2 bats (D:1)
  2 giant cockroaches (D:1)
  4 goblins
  6 hobgoblins
  6 kobolds
  A quokka (D:2)
  A ball python (D:2)
  4 frilled lizards
  4 rats
37 creatures vanquished.

Notes
Turn   | Place    | Note
-------+----------+-------------------------------------------
     0 | D:1      | HarryHood the Gargoyle Berserker began the quest for the Orb.
     0 | D:1      | Reached XP level 1. HP: 14/14 MP: 1/1
   173 | D:1      | Reached XP level 2. HP: 18/19 MP: 2/2
   521 | D:1      | Reached skill level 4 in Maces & Flails
   583 | D:1      | Reached XP level 3. HP: 23/23 MP: 3/3
  1090 | D:2      | Noticed Ijyb
  1110 | D:2      | Killed Ijyb
  1110 | D:2      | Reached skill level 5 in Maces & Flails
  1110 | D:2      | Reached XP level 4. HP: 22/28 MP: 4/4
  1303 | D:2      | Found a hazy altar of Hepliaklqana.
  1372 | D:2      | Noticed Terence
  1384 | D:2      | Reached ** piety under Trog
  1402 | D:2      | Killed Terence
  1404 | D:2      | HP: 1/28 [rat (2)]
  1405 | D:2      | Killed from afar by a dart slug

Vault maps used:
D:1:      zelgadis_glass_arrival_small, roderic_serpentine_path
D:2:      marbit_many_paths, kennysheep_generic_room_3, uniq_natasha,
          uniq_terence, uniq_iyjb

Skill      XL: |  1  2  3 |
---------------+----------+-----
Maces & Flails | 4 5 |  5.4
Fighting       | |  3.2
Armour         | |  2.1
Dodging        | |  1.5

Action                   |  1- 3 |  4- 6 || total
-------------------------+-------+-------++-------
Melee: Mace              |     9 |       ||     9
       Whip              |   144 |    59 ||   203
  Use: Scroll            |     4 |       ||     4
  Eat: Chunk             |     1 |     1 ||     2
Armor: Animal skin       |    15 |       ||    15
       Ring mail         |    50 |    13 ||    63
Dodge: Dodged            |    84 |    20 ||   104
